 Dungeon Crawl Stone Soup version 0.27.0-1-g7a089689b8 (webtiles) character file.

Game seed: 14340745773980498710

72 Spectrina the Sneak (level 4, 0/25 (27) HPs)
             Began as a Deep Elf Monk on Aug 11, 2021.
             Slain by a necrophage (6 damage)
             ... on level 4 of the Dungeon on Aug 12, 2021.
             The game lasted 00:03:57 (551 turns).

Spectrina the Sneak (Deep Elf Monk)                  Turns: 551, Time: 00:03:58

HP:   0/25 (27)     AC:  4    Str:  8    XL:     4   Next: 7%
MP:   6/6           EV: 13    Int: 16    God:
Gold: 20            SH:  0    Dex: 17    Spells: 3/3 levels left

rFire    . . .     SeeInvis .   b - +2 quarterstaff (chaos)
rCold    . . .     Faith    .   (shield currently unavailable)
rNeg     . . .     Spirit   .   j - +0 robe
rPois    .         Reflect  .   (no helmet)
rElec    .         Harm     .   i - +0 cloak
rCorr    .         Rampage  .   e - +0 pair of gloves
Will     .....                  (no boots)
Stlth    +++.......             (no amulet)
HPRegen  0.08/turn              (no ring)
MPRegen  0.10/turn              (no ring)

@: drained
A: no striking features
a: no special abilities


You were on level 4 of the Dungeon.
You visited 1 branch of the dungeon, and saw 4 of its levels.

You collected 20 gold pieces.

Inventory:

Hand Weapons
 a - a +0 dagger
 b - a +2 quarterstaff of chaos (weapon)
 f - a +0 short sword
Missiles
 d - 22 bolts
Armour
 e - a +0 pair of gloves (worn)
 i - a +0 cloak (worn)
 j - a +0 robe (worn)
Scrolls
 h - 3 scrolls of magic mapping {unknown}
Potions
 c - a potion of resistance {unknown}
 g - a potion of curing


   Skills:
 - Level 2.4 Fighting
 - Level 3.0 Short Blades
 - Level 3.6 Dodging
 + Level 5.7 Stealth


You had 3 spell levels left.
You didn't know any spells.
Your spell library was empty.

Dungeon Overview and Level Annotations

Branches:
Dungeon (4/15)
 Temple: D:4-7

Altars:
Cheibriados

Annotations:
D:4 Ijyb


Message History

The ball python grabs you. The ball python constricts you.
You hit the ball python.
The ball python seems to slow down.
You freeze the ball python.
You kill the ball python!
You see here a ball python corpse.
You now have 20 gold pieces (gained 10).
a - a +0 dagger (weapon)
Found a bubbling silvery potion.
Unknown command.
Found an escape hatch in the floor.
Found a stone staircase leading up.
g - 2 bubbling silvery potions (gained 1)
There is an escape hatch in the floor here.
You slide downwards.
The hatch slams shut behind you.
Level annotation: Ijyb A necrophage comes into view.
The necrophage hits you but does no damage. x2
Your +2 quarterstaff of chaos is briefly surrounded by a scintillating aura of random colours.
b - a +2 quarterstaff of chaos (weapon)
You hit the necrophage.
The necrophage convulses.
The necrophage is lightly damaged.
The necrophage hits you.
You closely miss the necrophage.
The necrophage is lightly damaged.
The necrophage closely misses you. The necrophage hits you.
You feel drained.
You sock the necrophage!
The necrophage flickers and vanishes!
Deactivating autopickup; reactivate with Ctrl-A.
Something hits you.
You feel drained.
Okay, then.
It was a potion of curing.
You feel better. Something hits you but does no damage.
You miss something. Something hits you.
You hit something. You burn something. Something hits you.
Something hits you but does no damage.
You barely miss something. Something hits you but does no damage.
You completely miss something. Something barely misses you.
You barely miss something. Something hits you.
* * * LOW HITPOINT WARNING * * *
Something hits you.
You die...

... #.# #.# #.#
#.# #.# #.# #@#
#{# ........#
#################
#...............#
#.#############.#
#.#...#....# #.#
#.# #....#.# #.#
#.#g###.O#.####.#


There were no monsters in sight!

Vanquished Creatures
  Crazy Yiuf (D:3)
  A hound (D:3)
  A dart slug (D:1)
  3 goblins
  A hobgoblin (D:2)
  A quokka (D:1)
  2 ball pythons
  A bat (D:1)
  A kobold (D:2)
  A rat (D:1)
13 creatures vanquished.

Notes
Turn   | Place    | Note
-------+----------+-------------------------------------------
     0 | D:1      | Spectrina the Deep Elf Monk began the quest for the Orb.
     0 | D:1      | Reached XP level 1. HP: 13/13 MP: 3/3
   130 | D:1      | Reached skill level 3 in Stealth
   183 | D:2      | Reached XP level 2. HP: 18/18 MP: 4/4
   185 | D:2      | Found a snail-covered altar of Cheibriados.
   232 | D:2      | Found a faded altar of an unknown god.
   295 | D:3      | Found a runed translucent door.
   296 | D:3      | Noticed Crazy Yiuf
   307 | D:3      | Killed Crazy Yiuf
   308 | D:3      | Reached skill level 5 in Stealth
   308 | D:3      | Reached XP level 3. HP: 16/22 MP: 5/5
   391 | D:4      | Noticed an ogre
   483 | D:4      | Noticed Ijyb
   500 | D:3      | Reached XP level 4. HP: 21/27 MP: 6/6
   540 | D:4      | Noticed a necrophage
   551 | D:4      | Slain by a necrophage

Illustrated notes

Levels and vault maps discovered:
D:1:      nagdon_arrival_zigzag_paths, layout_basic
D:2:      layout_basic, basic_altar, ebering_ecumenical_altar_mist,
          minmay_misc_feat_room
D:3:      layout_basic, uniq_grinder, uniq_crazy_yiuf_cottage
D:4:      layout_basic, minmay_temple_entry_fiery, uniq_edmund, uniq_ijyb,
          uniq_blork_the_orc

Skill      XL: |  1  2 |
---------------+-------+-----
Stealth        | 3 5 |  5.7
Fighting       | |  2.4
Short Blades   | |  3.0
Dodging        | |  3.6

Action                   |  1- 3 |  4- 6 || total
-------------------------+-------+-------++-------
Melee: Short sword       |    27 |       ||    27
       Dagger            |     3 |       ||     3
       Quarterstaff      |     1 |     9 ||    10
  Use: Potion            |       |     1 ||     1
 Stab: Sleeping          |     3 |       ||     3
Armor: Robe              |     6 |     6 ||    12
Dodge: Dodged            |    25 |     2 ||    27
